 Dungeon Crawl Stone Soup version 0.31-a0-182-gc5ef74bbde (webtiles) character file.

Game seed: 4171839836900306429

1003 CowFu the Skirmisher (level 8, -4/48 HPs)
             Began as a Kobold Hunter on June 21, 2023.
             Was a Follower of Fedhas.
             Slain by Pikel
             ... wielding a +2 whip of freezing
              (9 damage)
             ... on level 5 of the Dungeon.
             The game lasted 00:05:27 (4788 turns).

CowFu the Skirmisher (Kobold Hunter)                Turns: 4788, Time: 00:05:27

Health: -4/48      AC:  3    Str:  8    XL:     8   Next: 43%
Magic:  10/10      EV: 16    Int: 11    God:    Fedhas [*.....]
Gold:   316        SH:  0    Dex: 20    Spells: 7/7 levels left

rFire   . . .        a - +0 shortbow
rCold   . . .        (shield currently unavailable)
rNeg    . . .        c - +0 leather armour
rPois   .            (no helmet)
rElec   .            (no cloak)
rCorr   .            (no gloves)
SInv    .            (no boots)
Will    .....        (no amulet)
Stlth   ++++         (no ring)
HPRegen 0.28/turn    (no ring)
MPRegen 0.12/turn

%: no passive effects
@: invisible
A: small, no large weapons, nightstalker 3
a: Renounce Religion


You were on level 5 of the Dungeon.
You worshipped Fedhas.
Fedhas was aware of your devotion.
You visited 1 branch of the dungeon, and saw 5 of its levels.

You collected 316 gold pieces.

Inventory:

Hand Weapons
 a - a +0 shortbow (weapon)
 b - a +0 short sword
Armour
 c - a +0 leather armour (worn)
Jewellery
 h - a ring of wizardry
 q - a ring of ice
 x - an amulet of guardian spirit
 z - a +6 ring of intelligence
Wands
 y - a wand of paralysis (5)
Scrolls
 g - a scroll of teleportation
 j - a scroll of butterflies
 k - a scroll of enchant weapon {unknown}
 m - a scroll of noise
 n - a scroll of brand weapon {unknown}
 o - a scroll of fog {unknown}
 p - a scroll of fear {unknown}
 r - 3 scrolls of identify {unknown}
 t - a scroll of amnesia {unknown}
 u - a scroll of blinking {unknown}
Potions
 d - a potion of enlightenment
 e - a potion of attraction
 f - a potion of might
 l - a potion of brilliance {unknown}
 s - a potion of mutation {unknown}
 v - a potion of degeneration {unknown}


   Skills:
 + Level 4.3 Fighting
 + Level 9.6 Ranged Weapons
 + Level 4.7 Dodging
 + Level 5.0 Stealth
 + Level 3.5 Invocations


You had 7 spell levels left.
You didn't know any spells.
Your spell library contained the following spells:

 Spells                   Type           Power      Damage    Failure   Level
 Blink                    Tloc           0%         N/A       61%         2
 Lesser Beckoning         Tloc           0%         N/A       61%         2
 Momentum Strike          Conj/Tloc      0%         3d8       61%         2


Dungeon Overview and Level Annotations

Branches:
Dungeon (5/15)
 Temple: D:4-7

Altars:
Fedhas
Gozag
Trog
Yredelemnul

Shops:
D:2 [

Annotations:
D:5 Pikel


Innate Abilities, Weirdness & Mutations

You are small and have problems with some larger weapons.
You are completely attuned to the shadows.


Message History

Press: ? - help, Q - select action, (/) - cycle Shift-Dir - straight line, f/p - Pikel
Aim: Pikel, wielding a +2 whip of freezing and wearing a +0 robe (62% to hit)
You shoot an arrow. The arrow barely misses Pikel.
The arrow closely misses the lemure.
The arrow closely misses the ogre.
The arrow hits the lemure but does no damage.
The lemure is moderately wounded.
Pikel closely misses you.
Fire: a) +0 shortbow
Press: ? - help, Q - select action, (/) - cycle Shift-Dir - straight line, f/p - Pikel
Aim: Pikel, wielding a +2 whip of freezing and wearing a +0 robe (62% to hit)
You shoot an arrow. The arrow barely misses Pikel.
The arrow barely misses the lemure.
The arrow hits the ogre!
The ogre is moderately wounded.
Pikel closely misses you.
Fire: a) +0 shortbow
Press: ? - help, Q - select action, (/) - cycle Shift-Dir - straight line, f/p - Pikel
Aim: Pikel, wielding a +2 whip of freezing and wearing a +0 robe (62% to hit)
You shoot an arrow. The arrow hits Pikel.
Pikel is lightly wounded.
Pikel hits you with a +2 whip of freezing!
* * * LOW HITPOINT WARNING * * *
Pikel freezes you.
* * * LOW HITPOINT WARNING * * *
You feel better.
Pikel hits you with a +2 whip of freezing.
* * * LOW HITPOINT WARNING * * *
Pikel freezes you.
* * * LOW HITPOINT WARNING * * *
Okay, then.
Okay, then.
As you read the scroll labelled AFYSHA GOASORGH, it crumbles to dust.
You hear a loud clanging noise!
It was a scroll of noise.
Pikel closely misses you.
It was a potion of invisibility.
You fade into invisibility!
Pikel hits you with a +2 whip of freezing!
You die...
Fedhas appreciates your contribution to the ecosystem.

#..#.≈.≈...≈.≈..#
##..§≈.≈≈≈≈≈.≈.##
##.§§§§.....≈.#
#.§§§§≈§≈≈§≈.#
##.§...§...§.## .
##.###.......# ..
#...........#
...##########........#
...55O5K@......>.....#
....##########.......##
.5.. #......... ....
#......... ....
#......... #.........
#.......## #.......#
#.......#


You could see Pikel (unable to see you), an ogre (unable to see you) and 2
lemures.

Vanquished Creatures
  2 ice beasts (D:5)
  An ogre (D:5)
  3 necrophages (D:4)
  A water moccasin zombie (D:4)
  2 wights (D:4)
  A jelly (D:4)
  A bullfrog zombie (D:4)
  A human zombie (D:4)
  An orc priest (D:2)
  A hound (D:3)
  An iguana (D:4)
  A scorpion zombie (D:4)
  A mummy (D:4)
  3 adders
  4 gnolls (D:5)
  An ufetubus (D:3)
  2 adder zombies (D:4)
  2 worms
  A dart slug (D:5)
  4 orcs
  A ball python (D:4)
  4 bats (D:1)
  7 endoplasms
  4 giant cockroaches
  9 goblins
  10 hobgoblins
  4 jackals
  2 quokkas
  4 kobolds
  4 rats
83 creatures vanquished.

Notes
Turn   | Place    | Note
-------+----------+-------------------------------------------
     0 | D:1      | CowFu the Kobold Hunter began the quest for the Orb.
     0 | D:1      | Reached XP level 1. HP: 12/12 MP: 1/1
    88 | D:1      | Reached XP level 2. HP: 17/17 MP: 2/2
   240 | D:1      | Reached skill level 6 in Ranged Weapons
   669 | D:2      | Found Myptoz's Armour Emporium.
   709 | D:2      | Reached XP level 3. HP: 21/21 MP: 3/3
   854 | D:2      | Found a faded altar of an unknown god.
  1525 | D:2      | Reached skill level 7 in Ranged Weapons
  1592 | D:2      | Reached XP level 4. HP: 12/26 MP: 4/4
  1722 | D:3      | Reached skill level 8 in Ranged Weapons
  1722 | D:3      | Reached XP level 5. HP: 25/30 MP: 5/5
  1746 | D:3      | Found a blossoming altar of Fedhas.
  1815 | D:3      | Became a worshipper of Fedhas Madash
  2458 | D:4      | Reached skill level 1 in Invocations
  2458 | D:4      | Reached XP level 6. HP: 35/36 MP: 6/6
  2820 | D:4      | Reached XP level 7. HP: 14/41 MP: 8/8
  2931 | D:4      | Reached skill level 9 in Ranged Weapons
  2937 | D:4      | Reached * piety under Fedhas
  3041 | D:4      | Found a basalt altar of Yredelemnul.
  3755 | D:5      | Entered Level 5 of the Dungeon
  3827 | D:5      | Reached XP level 8. HP: 48/48 MP: 10/10
  4420 | D:5      | HP: 2/48 [ice beast (12)]
  4587 | D:5      | Found an opulent altar of Gozag.
  4642 | D:5      | Reached skill level 5 in Stealth
  4687 | D:5      | Found a bloodstained altar of Trog.
  4769 | D:5      | Noticed Pikel
  4788 | D:5      | Slain by Pikel

Illustrated notes

Levels and vault maps discovered:
D:1:      wander_arrival_desolate, layout_loops_ring
D:2:      cheibrodos_greedy_goblins, layout_basic, serial_shops, shop,
          basic_ecumenical_altar
D:3:      layout_basic, mainiacjoe_overflow_tiny_flanked
D:4:      nicolae_cairo_tiling_very_big, layout_gridville,
          lemuel_mausoleum_altar_yredelemnul, hangedman_decor_points,
          minmay_fractal_squares_diagonal_5
D:5:      layout_basic, mainiacjoe_overflow_alcove_1,
          mainiacjoe_overflow_concentric_impassable, uniq_pikel

Skill      XL: |  1  2  3  4  5  6  7  8 |
---------------+-------------------------+-----
Ranged Weapons | 6 7 8 9 |  9.6
Stealth        | 2 3 4 5 |  5.0
Invocations    | 1 2 3 |  3.5
Dodging        | 3 4 |  4.7
Fighting       | 3 4 |  4.3

Action                     |  1- 3 |  4- 6 |  7- 9 || total
---------------------------+-------+-------+-------++-------
  Melee: Short sword       |     9 |       |       ||     9
   Fire: Shortbow          |    67 |   108 |   141 ||   316
    Use: Potion            |       |       |     6 ||     6
         Scroll            |       |       |     2 ||     2
 Armour: Leather armour    |     6 |     4 |     7 ||    17
  Dodge: Dodged            |    26 |    44 |    57 ||   127

Table legend: (Time is in decaauts)
 A = Elapsed time spent in this place.
 B = Non-inter-level travel time spent in this place.
 C = Inter-level travel time spent in this place.
 D = Time resting spent in this place.
 E = Time spent auto-exploring this place.
 F = Levels seen in this place.
 G = Mean time per level.
                   A        B        C        D        E       F      G
               +--------+--------+--------+--------+--------+-----+--------+
         Total |   4799 |   4671 |    128 |      0 |   4105 |   5 |  959.8 |
       Dungeon |   4799 |   4671 |    128 |      0 |   4105 |   5 |  959.8 |
               +--------+--------+--------+--------+--------+-----+--------+

Top non-repeatable levels by time:
     D:4: 1565 daAuts
     D:2: 1004 daAuts
     D:5: 877 daAuts
     D:3: 684 daAuts
     D:1: 668 daAuts
